 Dungeon Crawl Stone Soup version 0.27.1-3-gb3d3a73c9e (webtiles) character file.

Game seed: 14763800070015252861

66 MajorAdolf the Covered (level 4, -1/39 HPs)
             Began as a Naga Wanderer on Oct 13, 2021.
             Was an Initiate of the Shining One.
             Succumbed to a water moccasin's poison
             ... on level 3 of the Dungeon.
             The game lasted 00:03:11 (2840 turns).

MajorAdolf the Covered (Naga Wanderer)              Turns: 2840, Time: 00:03:12

Health: -1/39      AC:  7    Str: 14    XL:     4   Next: 15%
Magic:  5/5        EV:  7    Int: 13    God:    the Shining One [......]
Gold:   119        SH:  0    Dex: 11    Spells: 5/5 levels left

rFire    + . .     SeeInvis +   j - staff of cold
rCold    + . .     Faith    .   (no shield)
rNeg     . . .     Spirit   .   b - +2 scale mail
rPois    +         Reflect  .   (no helmet)
rElec    .         Harm     .   (no cloak)
rCorr    .         Rampage  .   (no gloves)
Will     .....                  (no barding)
Stlth    ..........             (no amulet)
HPRegen  0.13/turn              s - ring of protection from fire
MPRegen  0.09/turn              (no ring)

@: lethally poisoned (-1 -> -15), glowing, very slow
A: AC +1, large, see invisible, deformed body, poison resistance, slowness 2,
spit poison 1, naga tail 1
a: Spit Poison, Renounce Religion


You were on level 3 of the Dungeon.
You worshipped the Shining One.
The Shining One was noncommittal.
You visited 1 branch of the dungeon, and saw 4 of its levels.

You collected 119 gold pieces.

Inventory:

Hand Weapons
 a - a +0 mace
 t - a +0 hand axe
Missiles
 f - 38 poisoned darts
 k - 15 sling bullets
 l - 34 stones
Armour
 b - a +2 scale mail (worn)
Magical Staves
 j - a staff of cold (weapon)
Jewellery
 s - a ring of protection from fire (left hand)
Scrolls
 e - a scroll of immolation {unknown}
 i - a scroll of magic mapping {unknown}
 o - 2 scrolls of summoning {unknown}
 p - a scroll of teleportation {unknown}
Potions
 c - a potion of curing
 d - a potion of haste {unknown}
 g - 2 potions of brilliance {unknown}
 h - 2 potions of flight {unknown}
 m - a potion of berserk rage {unknown}
 n - 2 potions of heal wounds {unknown}
 q - a potion of cancellation {unknown}
 r - a potion of degeneration {unknown}


   Skills:
 + Level 2.3 Fighting
 + Level 0.3(0.7) Axes
 - Level 1.0 Maces & Flails
 - Level 1.0 Throwing
 - Level 3.0 Armour
 + Level 1.5 Dodging
 - Level 1.5 Stealth
 - Level 1.0 Spellcasting
 - Level 2.0 Summonings


You had 5 spell levels left.
You didn't know any spells.
Your spell library was empty.

Dungeon Overview and Level Annotations

Branches:
Dungeon (4/15)
 Temple: D:4-7

Altars:
The Shining One

Annotations:
D:3 exclusion: downstairs


Innate Abilities, Weirdness & Mutations

Your serpentine skin is tough. (AC +1)
You have supernaturally acute eyesight. (SInv)
Armour fits poorly on your strangely shaped body.
Your system is resistant to poisons. (rPois)
You cover ground very slowly.
You can spit poison.
You have a snake-like lower body.


Message History

You miss the water moccasin. The water moccasin bites you.
The water moccasin barely misses you.
You miss the water moccasin.
The water moccasin barely misses you. x2
Okay, then.
You hit the water moccasin.
The water moccasin is lightly wounded.
The water moccasin bites you.
The water moccasin completely misses you.
You closely miss the water moccasin.
The water moccasin is lightly wounded.
The water moccasin bites you. The water moccasin barely misses you.
You barely miss the water moccasin.
The water moccasin is lightly wounded.
The water moccasin barely misses you.
You barely miss the water moccasin.
The water moccasin is lightly wounded.
The water moccasin bites you. The water moccasin bites you!
You are poisoned.
The water moccasin poisons you!
You hit the water moccasin.
The water moccasin is lightly wounded.
You feel very sick.
The water moccasin completely misses you.
The water moccasin closely misses you.
Okay, then.
You aren't carrying any items that you can evoke.
j - a staff of cold (weapon)
You feel sick. The water moccasin bites you.
You are lethally poisoned!
The water moccasin poisons you!
Unknown command.
You hit the water moccasin.
The water moccasin is lightly wounded.
* * * LOW HITPOINT WARNING * * *
You feel very sick. The water moccasin bites you.
* * * LOW HITPOINT WARNING * * *
You hit the water moccasin but do no damage.
The water moccasin is lightly wounded.
You die...

###### ..###....# ........#
######## .########....###
#......#
........).>....######......#
#########รท..##.@>..........#
#....#....S#####......#
######.####.....# #......#
##......# #.....# ####.###
...###### #.....# #.# ####
#.....# #.# ...
#.....########.# ##..
#>.............## #
#.....########..#####


You could see a water moccasin.

Vanquished Creatures
  A gnoll (D:3)
  An adder (D:3)
  2 dart slugs (D:2)
  An orc (D:3)
  3 endoplasms
  3 giant cockroaches
  3 goblins (D:1)
  A hobgoblin (D:2)
  2 jackals (D:1)
  5 kobolds
  A quokka (D:1)
  7 ball pythons
  5 bats
  3 frilled lizards
  5 rats
43 creatures vanquished.

Vanquished Creatures (others)
  4 plants (D:3)
4 creatures vanquished.

Grand Total: 47 creatures vanquished

Notes
Turn   | Place    | Note
-------+----------+-------------------------------------------
     0 | D:1      | MajorAdolf the Naga Wanderer began the quest for the Orb.
     0 | D:1      | MajorAdolf set off with the following items: a +0 mace, a
                  | +2 scale mail, a potion of curing
     0 | D:1      | Reached XP level 1. HP: 18/18 MP: 2/2
   227 | D:1      | Reached XP level 2. HP: 25/25 MP: 3/3
   920 | D:1      | Reached skill level 1 in Dodging
  1195 | D:2      | Reached XP level 3. HP: 32/32 MP: 4/4
  1595 | D:2      | Found a faded altar of an unknown god.
  1709 | D:2      | Found a glowing golden altar of the Shining One.
  1835 | D:2      | Became a worshipper of the Shining One
  2062 | D:3      | Reached skill level 3 in Armour
  2405 | D:3      | Noticed a water moccasin
  2718 | D:3      | Reached XP level 4. HP: 25/39 MP: 5/5
  2840 | D:3      | Succumbed to a water moccasin's poison

Illustrated notes

Levels and vault maps discovered:
D:1:      lightli_arrival_noodles, layout_basic
D:2:      layout_rooms, basic_altar, dilly_ecumenical_altar_fadedgnrine,
          serial_bayou_pond_d
D:3:      layout_rooms, serial_bayou_pond_b, grunt_ministairs_12,
          minmay_fractal_squares_gapless_5
D:4:      layout_basic, gammafunk_ghost_stat_death

Skill      XL: |  1  2  3 |
---------------+----------+-----
Dodging        | 1 |  1.5
Fighting       | 2 |  2.3
Armour         | 3 |  3.0
Axes           | |  0.3
Maces & Flails | |  1.0
Throwing       | |  1.0
Stealth        | |  1.5
Spellcasting   | |  1.0
Summonings     | |  2.0

Action                   |  1- 3 |  4- 6 || total
-------------------------+-------+-------++-------
Melee: Mace              |    77 |       ||    77
       Hand axe          |     5 |     9 ||    14
       Staff             |       |     2 ||     2
 Abil: Spit Poison       |    20 |       ||    20
Armor: Scale mail        |    72 |       ||    72
Dodge: Dodged            |    44 |     9 ||    53
